 Dungeon Crawl Stone Soup version 0.29.1-1-gd02db6906a (webtiles) character file.

Game seed: 5627691142975584927

8731 Earthwalker the Spear-Bearer (level 11, -11/95 HPs)
             Began as a Minotaur Fighter on Oct 10, 2022.
             Was a High Priest of Okawaru.
             Mangled by Sonja
             ... wielding a +2 dagger of distortion
              (20 damage)
             ... on level 10 of the Dungeon.
             The game lasted 00:41:28 (11790 turns).

Earthwalker the Spear-Bearer (Minotaur Fighter)    Turns: 11790, Time: 00:41:30

Health: -11/95     AC: 18    Str: 23    XL:     11   Next: 13%
Magic:  10/10      EV:  8    Int:  9    God:    Okawaru [*****.]
Gold:   3086       SH:  6    Dex: 10    Spells: 10/10 levels left

rFire   . . .      SeeInvis .   a - +6 trident (freeze)
rCold   . . .      Faith    .   c - +1 buckler
rNeg    . . .      Spirit   .   I - +1 plate armour
rPois   .          Reflect  .   (helmet unavailable)
rElec   .          Harm     .   (no cloak)
rCorr   .          Rampage  .   s - +2 pair of gloves
Will    .....                   (no boots)
Stlth   ..........              (no amulet)
HPRegen 0.25/turn               (no ring)
MPRegen 0.12/turn               (no ring)

@: lethally poisoned (-11 -> -24), slowed, very slow
A: horns 3, retaliatory headbutt, clever 1
a: Renounce Religion, Heroism, Finesse, Duel


You were on level 10 of the Dungeon.
You worshipped Okawaru.
Okawaru was extremely pleased with you.
You visited 2 branches of the dungeon, and saw 11 of its levels.
You also visited: Sewer and Ossuary.

You collected 3086 gold pieces.

Inventory:

Hand Weapons
 a - a +6 trident of freezing (weapon)
 h - a +0 rapier of speed
 k - a +0 vorpal falchion
 E - a +4 scythe of flaming
 N - a +2 antimagic glaive
Missiles
 t - 12 poisoned darts (quivered)
 L - a curare-tipped dart
 P - 3 boomerangs
Armour
 b - a +0 scale mail
 c - a +1 buckler (worn)
 s - a +2 pair of gloves (worn)
 G - +0 swamp dragon scales
 I - a +1 plate armour (worn)
Jewellery
 f - a +6 ring of strength
 o - an amulet of faith
 z - a +6 ring of intelligence
 H - a ring of magical power
 K - a ring of see invisible
Wands
 l - a wand of polymorph (5)
 w - a wand of flame (10)
 x - a wand of paralysis (8)
 F - a wand of mindburst (14)
Scrolls
 j - 3 scrolls of identify
 p - a scroll of immolation
 q - 5 scrolls of blinking
 u - a scroll of poison
 y - 3 scrolls of amnesia
 A - 3 scrolls of teleportation
 J - a scroll of noise
 O - a scroll of magic mapping
Potions
 d - 5 potions of might
 e - 3 potions of attraction
 g - 5 potions of lignification
 i - a potion of ambrosia
 m - 2 potions of cancellation
 n - a potion of berserk rage
 r - a potion of heal wounds
 v - 4 potions of curing
 B - 2 potions of mutation
 C - 3 potions of flight
 D - 2 potions of degeneration
 M - a potion of brilliance


   Skills:
 * Level 8.4 Fighting
 * Level 12.5 Polearms
 * Level 4.6 Throwing
 * Level 9.4 Armour
 * Level 5.5 Dodging
 * Level 4.5 Stealth
 * Level 7.2 Shields


You had 10 spell levels left.
You didn't know any spells.
Your spell library contained the following spells:

 Spells                   Type           Power      Damage    Failure   Level
 Blink                    Tloc           0%         N/A       100%        2
 Scorch                   Fire           0%         2d5       100%        2
 Lesser Beckoning         Tloc           0%         N/A       100%        3
 Portal Projectile        Hex/Tloc       0%         N/A       100%        3
 Flame Wave               Conj/Fire      0%         2d4       100%        4
 Leda's Liquefaction      Hex/Erth       0%         N/A       100%        4
 Blade Hands              Tmut           0%         N/A       100%        5
 Manifold Assault         Tloc           0%         N/A       100%        5
 Chain Lightning          Conj/Air       0%         N/A       100%        9
 Fire Storm               Conj/Fire      0%         5d1       100%        9
 Shatter                  Erth           0%         3d5*      100%        9
 Call Canine Familiar     Summ           Unusable   N/A       N/A         3
 Tukima's Dance           Hex            Unusable   N/A       N/A         3
 Summon Cactus Giant      Summ           Unusable   N/A       N/A         6

Dungeon Overview and Level Annotations

Branches:
Dungeon (10/15)            Temple (1/1) D:4           Sewer (visited)
Ossuary (visited)
   Lair: D:8-11         Orc: D:9-12

Altars:
Ashenzari
Dithmenos
Elyvilon
Fedhas
Gozag
Hepliaklqana
Kikubaaqudgha
Makhleb
Nemelex Xobeh
Okawaru
Qazlal
Ru
Sif Muna
Trog
Uskayaw
Wu Jian
Xom
Yredelemnul
Zin

Shops:
D:7 [

Annotations:
D:10 Lodul, Sonja


Innate Abilities, Weirdness & Mutations

You have a pair of large horns on your head.
You reflexively headbutt those who attack you in melee.
Your mind is acute. (Int +4, Str/Dex -1)


Message History

* * * LOW HITPOINT WARNING * * *
You feel as though you will be slow longer.
Sonja gestures wildly while chanting.
Sonja blinks!
Okay, then.
You feel much better.
* * * LOW HITPOINT WARNING * * *
You feel extremely sick.
Sonja throws a curare-tipped dart.
The curare-tipped dart hits you.
You are lethally poisoned!
You have difficulty breathing.
* * * LOW HITPOINT WARNING * * *
You feel as though you will be slow longer.
Sonja shouts, "Some dancing partner you are!"
You feel much better.
* * * LOW HITPOINT WARNING * * *
You feel extremely sick. Sonja closely misses you. You block Sonja's attack. x2
You closely miss Sonja. Your headbutt misses Sonja.
Sonja is severely wounded.
You feel very sick.
Sonja hits you with a +2 dagger of distortion.
* * * LOW HITPOINT WARNING * * *
Space warps around you.
* * * LOW HITPOINT WARNING * * *
Sonja closely misses you. Sonja completely misses you.
You miss Sonja.
Sonja is severely wounded.
* * * LOW HITPOINT WARNING * * *
You feel very sick. You block Sonja's attack.
Sonja hits you but does no damage. Sonja completely misses you.
Sonja says, "Someone hired me to kill you, but I'm not supposed to say who."
Sonja hits you with a +2 dagger of distortion.
* * * LOW HITPOINT WARNING * * *
Space warps around you.
* * * LOW HITPOINT WARNING * * *
You block Sonja's attack. Sonja hits you but does no damage.
Space warps horribly around you!!
You die...

##.## ########..#
#.....##.## #.....#.##
##.......# # #.......##
#######.
##.......##########...#...
##....#K##...............
##...##@...#######[.....
######..#.#. ##.....
##.#..# #..... ##..##
#..... #..# #..... ##..#
#..... #...## ##.....
#....######......
##.##.............


You could see Sonja.

Vanquished Creatures
  2 two-headed ogres
  Maggie (D:5)
  3 trolls (D:10)
  Sigmund (D:3)
  A shadow (D:9)
  14 yaks
  A wraith (D:9)
  Menkaure (D:5)
  A steam dragon (D:7)
  Duvessa (D:6)
  A sky beast (D:6)
  A water moccasin (D:7)
  2 ice beasts
  A black bear (D:5)
  A centaur (D:10)
  2 ogres (D:9)
  A phantom (D:4)
  3 kobold brigands
  3 bullfrogs
  A necrophage (D:5)
  3 scorpions
  16 wights
  Dowan (D:6)
  3 killer bees (D:10)
  9 howler monkeys
  5 hounds
  2 human zombies (Ossuary)
  Crazy Yiuf (D:4)
  3 jellies
  3 orc priests
  A gnoll bouda (D:8)
  3 iguanas
  Terence (D:2)
  3 orc wizards (D:8)
  Natasha (thrice) (D:3)
  2 mummies (Ossuary)
  Robin (D:3)
  11 gnolls
  6 adders
  A shadow imp (D:5)
  An ufetubus (D:5)
  An adder zombie (Ossuary)
  4 worms
  2 dart slugs (D:1)
  29 orcs
  14 endoplasms
  5 giant cockroaches
  12 goblins
  11 hobgoblins
  2 jackals (D:2)
  7 quokkas
  10 ball pythons
  7 bats
  5 frilled lizards
  3 goblin zombies (Ossuary)
  10 hobgoblin zombies (Ossuary)
  21 kobolds
  8 kobold zombies (Ossuary)
  11 orc zombies (Ossuary)
  12 rats
  2 rat zombies (Ossuary)
297 creatures vanquished.

Vanquished Creatures (others)
  3 plants (D:2)
3 creatures vanquished.

Grand Total: 300 creatures vanquished

Notes
Turn   | Place    | Note
-------+----------+-------------------------------------------
     0 | D:1      | Earthwalker the Minotaur Fighter began the quest for the
                  | Orb.
     0 | D:1      | Reached XP level 1. HP: 19/19 MP: 0/0
   154 | D:1      | Reached XP level 2. HP: 27/27 MP: 1/1
   511 | D:1      | Reached XP level 3. HP: 33/33 MP: 2/2
   816 | D:2      | Reached skill level 3 in Polearms
  1261 | D:2      | Found a faded altar of an unknown god.
  1262 | D:2      | Noticed Terence
  1295 | D:2      | Killed Terence
  1296 | D:2      | Reached skill level 1 in Dodging
  1296 | D:2      | Reached XP level 4. HP: 36/40 MP: 3/3
  1661 | D:3      | Found a glowing drain.
  1673 | D:3      | Reached skill level 4 in Polearms
  1682 | Sewer    | Entered a sewer
  1853 | Sewer    | Noticed a kobold brigand
  1868 | Sewer    | Killed a kobold brigand
  1869 | Sewer    | Reached XP level 5. HP: 31/47 MP: 4/4
  2259 | Sewer    | Gained mutation: Your mind is acute. (Int +4, Str/Dex -1)
                  | [potion of mutation]
  2259 | Sewer    | Gained mutation: You have a pair of large horns on your
                  | head. [potion of mutation]
  2933 | D:3      | Noticed Natasha
  2939 | D:3      | Killed Natasha
  2963 | D:3      | Noticed Natasha
  2971 | D:3      | Killed Natasha
  2972 | D:3      | Reached skill level 5 in Polearms
  3075 | D:3      | Noticed Natasha
  3092 | D:3      | Noticed Robin
  3128 | D:3      | Killed Robin
  3129 | D:3      | Reached XP level 6. HP: 45/53 MP: 5/5
  3259 | D:3      | Killed Natasha
  3275 | D:3      | Noticed Sigmund
  3345 | D:4      | Reached skill level 5 in Armour
  3431 | D:4      | Found a sacrificial altar of Ru.
  3445 | D:4      | Found a staircase to the Ecumenical Temple.
  3455 | Temple   | Entered the Ecumenical Temple
  3493 | Temple   | Became a worshipper of Warmaster Okawaru
  3545 | D:4      | Noticed an ice beast
  3561 | D:4      | Killed an ice beast
  3562 | D:4      | Reached skill level 1 in Throwing
  3562 | D:4      | Reached skill level 1 in Stealth
  3913 | D:4      | Reached XP level 7. HP: 40/60 MP: 6/6
  4065 | D:4      | Found a burning altar of Makhleb.
  4284 | D:4      | Reached skill level 6 in Polearms
  4572 | D:4      | Found the +8 whip "Snakebite" {venom, curare, rPois}
  4573 | D:4      | Identified the +11 hammer of Tenacity {flame, rN+ Str+4}
  4578 | D:4      | Found a runed translucent door.
  4579 | D:4      | Noticed Crazy Yiuf
  4585 | D:4      | Killed Crazy Yiuf
  4586 | D:4      | Reached skill level 5 in Fighting
  4666 | D:4      | Identified a scroll of acquirement
  4666 | D:4      | Acquired 1277 gold pieces
  4713 | D:5      | Entered Level 5 of the Dungeon
  4761 | D:5      | Reached * piety under Okawaru
  4858 | D:5      | Reached skill level 5 in Shields
  4869 | D:5      | Noticed Menkaure
  4875 | D:5      | Killed Menkaure
  4876 | D:5      | Reached skill level 7 in Polearms
  4876 | D:5      | Reached XP level 8. HP: 49/68 MP: 7/7
  6067 | D:3      | Killed Sigmund
  6067 | D:3      | Reached ** piety under Okawaru
  6254 | D:6      | Noticed Maggie
  6267 | D:6      | Noticed Dowan
  6270 | D:6      | Noticed Duvessa
  6302 | D:5      | Killed Maggie
  6303 | D:5      | Reached skill level 8 in Polearms
  6570 | D:6      | Killed Dowan
  6628 | D:6      | Found a shimmering altar of Xom.
  6649 | D:6      | Found a hazy altar of Hepliaklqana.
  6668 | D:6      | Killed Duvessa
  7014 | D:6      | Reached XP level 9. HP: 75/75 MP: 8/8
  7292 | D:7      | Found a glowing silver altar of Zin.
  7396 | D:7      | Found a sand-covered staircase.
  7405 | Ossuary  | Entered an ossuary
  7578 | Ossuary  | Reached skill level 9 in Polearms
  7889 | D:7      | Reached *** piety under Okawaru
  8157 | D:7      | Noticed a +0 spear
  8215 | D:7      | Found a blossoming altar of Fedhas.
  8280 | D:7      | Noticed a +0 falchion
  8280 | D:7      | Noticed a +0 short sword
  8280 | D:7      | Noticed a +0 spear
  8280 | D:7      | Noticed a +0 dagger
  8281 | D:7      | Noticed a +0 dagger
  8281 | D:7      | Noticed a +0 short sword
  8282 | D:7      | Noticed a +0 falchion
  8289 | D:7      | Found a hide-covered altar of Uskayaw.
  8359 | D:7      | Found Lasuriaci's Armour Shop.
  8508 | D:7      | Reached skill level 10 in Polearms
  8943 | D:7      | Acquired 1344 gold pieces
  9027 | D:7      | Reached **** piety under Okawaru
  9246 | D:8      | Reached XP level 10. HP: 78/86 MP: 9/9
  9359 | D:8      | Found a transporter.
  9372 | D:8      | Found a transporter.
  9375 | D:8      | Found a transporter.
  9522 | D:8      | Found a transporter.
  9568 | D:8      | Reached skill level 11 in Polearms
  9655 | D:8      | Found a transporter.
  9658 | D:8      | Found a transporter.
  9821 | D:9      | Reached ***** piety under Okawaru
  9837 | D:9      | Reached skill level 5 in Dodging
 10389 | D:9      | Noticed a two-headed ogre
 10421 | D:9      | Killed a two-headed ogre
 10421 | D:9      | Received a gift from Okawaru
 10422 | D:9      | Reached skill level 12 in Polearms
 10523 | D:9      | Found an ornate altar of the Wu Jian Council.
 10909 | D:10     | Entered Level 10 of the Dungeon
 10911 | D:10     | Noticed Lodul
 11087 | D:10     | Found a stormy altar of Qazlal.
 11129 | D:10     | Reached XP level 11. HP: 54/94 MP: 10/10
 11540 | D:10     | Noticed a two-headed ogre
 11545 | D:10     | Killed a two-headed ogre
 11738 | D:10     | Received a gift from Okawaru
 11769 | D:10     | Noticed Sonja
 11790 | D:10     | Mangled by Sonja

Illustrated notes

Levels and vault maps discovered:
D:1:      grunt_arrival_lava_bath, layout_basic
D:2:      layout_basic, dilly_ecumenical_altar_fadedgnrine, uniq_terence
D:3:      layout_rooms, tso_altar, gup_sewer_entry_pipe, uniq_robin,
          uniq_sigmund, uniq_natasha
D:4:      layout_gridville, mainiacjoe_overflow_boulevard,
          nicolae_overflow_crystal_walls, minmay_temple_entry_junction,
          uniq_crazy_yiuf_cottage
D:5:      layout_basic, dk_rats_in_the_wall, uniq_menkaure
D:6:      layout_cave_pools, mainiacjoe_overflow_small_starburst,
          mainiacjoe_overflow_surrounded_room, minivault_11,
          hangedman_abyss_or_decor_passed, chequers_decorated_corner,
          uniq_maggie, uniq_duvessa
D:7:      layout_loops_ring, mainiacjoe_overflow_concentric_impassable,
          lemuel_coloured_pillars_altar, nicolae_uskayaw_en_pointe,
          serial_shops, shop, serial_co_window_serial,
          co_window_of_opportunity_a, co_window_cross_1,
          co_window_of_opportunity_a, co_window_of_opportunity_a,
          co_window_paths_a, co_window_corner_a, co_window_corner_a,
          co_window_paths_a, co_window_paths_a, co_window_of_opportunity_c,
          co_window_corner_b, co_window_corner_b, co_window_4corner_a,
          glass_columns_c, glass_columns_a, nicolae_ossuary_entry_monument,
          kennysheep_another_room
D:8:      layout_rooms, serial_nicolae_subway, nicolae_sub_station_crystal,
          nicolae_sub_station_metal, nicolae_sub_station_stone
D:9:      layout_long_grid, nzn_wu_jian_council_hall
D:10:     layout_cave_pods, chei_slow_surprise, mainiacjoe_overflow_paths,
          vehumet_crystals, erik_lair_island, uniq_lodul, uniq_sonja
Temple:   compressed_dpeg_circular_temple

Skill      XL: |  1  2  3  4  5  6  7  8  9 10 |
---------------+-------------------------------+-----
Armour         | 4 5 6 7 8 9 |  9.4
Fighting       | 4 5 6 7 8 |  8.4
Shields        | 4 5 6 7 |  7.2
Polearms       | 3 4 5 7 8 10 12 | 12.5
Dodging        | 1 2 3 4 5 |  5.5
Throwing       | 1 2 3 4 |  4.6
Stealth        | 1 2 3 4 |  4.5

Action                   |  1- 3 |  4- 6 |  7- 9 | 10-12 || total
-------------------------+-------+-------+-------+-------++-------
Melee: Trident           |    93 |   188 |   384 |   149 ||   814
       Headbutt          |    10 |    17 |    50 |    33 ||   110
Throw: Dart              |       |       |       |    10 ||    10
  Use: Scroll            |     5 |     8 |     8 |     2 ||    23
       Potion            |       |    11 |       |     2 ||    13
Armor: Scale mail        |    23 |    36 |    19 |       ||    78
       Swamp dragon scal |       |       |    11 |       ||    11
       Plate armour      |       |       |    67 |    47 ||   114
Dodge: Dodged            |    26 |    43 |    69 |    31 ||   169
Block: Buckler           |     7 |    24 |    52 |    39 ||   122
